 Dungeon Crawl Stone Soup version 0.19.1-1-g22dce08 (webtiles) character file.

400 M4edhros the Sneak (level 6, -2/38 HPs)
             Began as an Octopode Artificer on Jan 3, 2017.
             Slain by a phantom (4 damage)
             ... on level 4 of the Dungeon.
             The game lasted 00:03:16 (1692 turns).

M4edhros the Sneak (Octopode Artificer)             Turns: 1692, Time: 00:03:16

Health: -2/38      AC:  1    Str: 11    XL:     6   Next: 84%
Magic:  10/10      EV: 13    Int: 14    God:    Xom [..*...]
Gold:   19         SH:  0    Dex: 14    Spells: 0 memorised, 5 levels left

rFire  + . .     SeeInvis .     t - +2 mace (protect)
rCold  . . .     Gourm    .     (no shield)
rNeg   . . .     Faith    .     (helmet restricted)
rPois  .         Spirit   .     (no amulet)
rElec  .         Reflect  .     k - ring of resist corrosion
rCorr  +         Harm     .     w - ring of protection from fire
MR     .....                    (no ring)
Stlth  ++++......               (no ring)
                                (no ring)
                                (no ring)
                                (no ring)
                                (no ring)

@: lethally poisoned (-2 -> -4)
A: almost no armour, stealthy swim, amphibious, 8 rings, constrict 8, camouflage
1, gelatinous body 1
a: Renounce Religion


You were on level 4 of the Dungeon.
You worshipped Xom.
You were a toy of Xom.
You were not hungry.

You visited 1 branch of the dungeon, and saw 4 of its levels.

You collected 112 gold pieces.
You spent 93 gold pieces at shops.

Inventory:

Hand Weapons
 a - a +0 short sword
 p - a +0 hunting sling
 t - a +2 mace of protection (weapon)
Missiles
 q - 56 stones (quivered)
Jewellery
 k - a ring of resist corrosion (left tentacle)
 w - a ring of protection from fire (right tentacle)
Wands
 b - a wand of flame (12/48)
 c - a wand of enslavement (12/24)
 d - a wand of random effects (12/48)
 u - a wand of lightning (0/15)
 v - a wand of polymorph (8/24)
 A - a wand of iceblast (10/15)
Scrolls
 e - 6 scrolls of fog
 h - 2 scrolls of identify
 i - a scroll of noise
 j - 2 scrolls of random uselessness
 o - 2 scrolls of magic mapping
 r - a scroll of enchant armour
 x - a scroll of teleportation
 y - a scroll of fear
Books
 n - a book of Misfortune

   Spells                             Type                      Level
   a - Confusing Touch                Hexes                        1
   b - Confuse                        Hexes                        3
   c - Gell's Gravitas                Hexes/Translocation          3
   d - Petrify                        Transmutation/Earth          4
   e - Metabolic Englaciation         Hexes/Ice                    5
   f - Yara's Violent Unravelling     Hexes/Transmutation          5
Comestibles
 f - 4 bread rations
 g - a beef jerky
 l - 2 meat rations
 m - a royal jelly
 s - 2 fruits
 z - a chunk of flesh


   Skills:
 - Level 1.0 Fighting
 - Level 1.0 Short Blades
 - Level 2.0 Dodging
 + Level 7.0 Stealth
 + Level 6.2 Evocations


You had 5 spell levels left.
You didn't know any spells.

Dungeon Overview and Level Annotations

Branches:
Dungeon (4/15)
 Temple: D:4-7

Altars:
Okawaru
Xom

Shops:
D:4 ?


Innate Abilities, Weirdness & Mutations

You cannot wear most types of armour.
You are very stealthy in the water. (Stealth+)
You are amphibious.
You can wear up to eight rings at the same time.
You can use your tentacles to constrict eight enemies at once.
Your skin changes colour to match your surroundings (Stealth+).
Your rubbery body absorbs attacks. (AC +1, EV +1)


Message History

You feel sick. The adder bites you.
* * * LOW HITPOINT WARNING * * *
The adder misses you.
Unknown command.
You aren't carrying any potions.
You hit the adder.
Your weapon exudes an aura of protection.
You kill the adder!
Your Stealth skill increases to level 7!
You feel sick.
Unknown command.
Unknown command.
A phantom appears from thin air!
Reactivating autopickup.
The phantom hits you.
* * * LOW HITPOINT WARNING * * *
* * * LOW HITPOINT WARNING * * *
You feel sick. The phantom hits you.
You die...
Xom chortles!

.....##....<.{..∩.....÷...
..... #.#........##.......
.....##'###########.......
................# #.......
................# #.......
................# #.......
................# #.......
..!..##.....##### ########
..... #..@W.# #####
##....# ....### ......#
........# ........#
........# .....#### ∆


You could see a phantom.

Vanquished Creatures
  A porcupine (D:3)
  An ogre (D:4)
  A crimson imp (D:3)
  An orc wizard (D:3)
  An iguana (D:4)
  3 orcs (D:3)
  4 adders
  A shadow imp (D:3)
  An ooze (D:2)
  2 worms
  3 dart slugs
  A leopard gecko (D:3)
  3 bats
  5 giant cockroaches
  11 goblins
  5 hobgoblins
  3 jackals (D:2)
  4 frilled lizards
  6 kobolds
  A rat (D:1)
58 creatures vanquished.

Vanquished Creatures (others)
  An orc priest (D:3)
1 creature vanquished.

Grand Total: 59 creatures vanquished

Notes
Turn   | Place    | Note
-------+----------+-------------------------------------------
     0 | D:1      | M4edhros the Octopode Artificer began the quest for the Orb.
     0 | D:1      | Reached XP level 1. HP: 13/13 MP: 3/3
    97 | D:1      | Reached skill level 2 in Stealth
    97 | D:1      | Reached XP level 2. HP: 18/18 MP: 4/4
   375 | D:2      | Reached skill level 3 in Stealth
   375 | D:2      | Reached XP level 3. HP: 19/23 MP: 4/6
   610 | D:2      | Found an iron altar of Okawaru.
   684 | D:2      | Reached XP level 4. HP: 15/28 MP: 7/7
   757 | D:2      | Reached skill level 4 in Stealth
  1019 | D:3      | Found a shimmering altar of Xom.
  1073 | D:3      | Became a worshipper of Xom of Chaos
  1113 | D:3      | XOM: divination: detect items
  1185 | D:3      | XOM: potion effect (haste)
  1188 | D:3      | Reached XP level 5. HP: 29/33 MP: 8/8
  1227 | D:3      | Reached skill level 5 in Evocations
  1267 | D:3      | Noticed Sigmund
  1273 | D:3      | Reached skill level 5 in Stealth
  1280 | D:3      | XOM: divination: magic mapping
  1287 | D:3      | Noticed Sigmund
  1289 | D:3      | Killed Sigmund the porcupine
  1289 | D:3      | Reached skill level 6 in Stealth
  1289 | D:3      | Reached XP level 6. HP: 6/38 MP: 8/10
  1593 | D:4      | Found Olineor's Magic Scroll Shoppe.
  1599 | D:4      | XOM: divination: detect items
  1620 | D:4      | Bought a scroll of identify for 22 gold pieces
  1620 | D:4      | Bought a scroll of teleportation for 33 gold pieces
  1620 | D:4      | Bought a scroll of fear for 38 gold pieces
  1642 | D:4      | Noticed a phantom
  1689 | D:4      | Reached skill level 7 in Stealth
  1692 | D:4      | Slain by a phantom

Skill      XL: |  1  2  3  4  5  6 |
---------------+-------------------+-----
Stealth        | 2 3 4 6 7 |  7.0
Evocations     | 4 5 6 |  6.2
Fighting       | |  1.0
Short Blades   | |  1.0
Dodging        | |  2.0

Action                   |  1- 3 |  4- 6 || total
-------------------------+-------+-------++-------
Melee: Short sword       |    61 |    28 ||    89
       Constrict         |    15 |    13 ||    28
       Tentacles         |    10 |     7 ||    17
       Mace              |       |    29 ||    29
Evoke: Wand              |     2 |    11 ||    13
  Use: Potion            |       |     1 ||     1
       Scroll            |       |     6 ||     6
 Stab: Sleeping          |     4 |    11 ||    15
       Distracted        |     1 |     1 ||     2
  Eat: Chunk             |       |     3 ||     3
Armor: Skin              |     5 |     9 ||    14
Dodge: Dodged            |    26 |    42 ||    68
